 Dungeon Crawl Stone Soup version 0.30-a0-23-ge60ba3568b (webtiles) character file.

Game seed: 6380986832304922912

5 Sobieck the Sneak (level 1, 0/11 HPs)
             Began as a Vine Stalker Brigand on Aug 24, 2022.
             Frozen to death by an endoplasm (3 damage)
             ... on level 1 of the Dungeon.
             The game lasted 00:00:19 (166 turns).

Sobieck the Sneak (Vine Stalker Brigand)             Turns: 166, Time: 00:00:19

Health: 0/11       AC:  2    Str: 13    XL:     1   Next: 80%
Magic:  0/2        EV: 11    Int: 11    God:
Gold:   16         SH:  0    Dex: 15    Spells: 0/0 levels left

rFire   . . .      SeeInvis .    a - +2 dagger {short}
rCold   . . .      Faith    .    (no shield)
rNeg    . . .      Spirit   +    b - +0 robe
rPois   .          Reflect  .    (no helmet)
rElec   .          Harm     .    h - scarf {+Inv}
rCorr   .          Rampage  .    (no gloves)
Will    .....                    (no boots)
Stlth   +++.......               (no amulet)
HPRegen 0.03/turn                (no ring)
MPRegen 0.08/turn                (no ring)

@: no status effects
A: fangs 2, magic shield, antimagic bite, no potion heal 2
a: Evoke Invisibility


You were on level 1 of the Dungeon.
You visited 1 branch of the dungeon, and saw 1 of its levels.

You collected 16 gold pieces.


Innate Abilities, Weirdness & Mutations

You have extremely sharp teeth.
When hurt, damage is shared between your health and your magic reserves.
Your bite disrupts and absorbs the magic of your enemies.
Potions cannot restore your health.


   Skills:
 - Level 1.7 Fighting
 + Level 2.2 Short Blades
 - Level 1.7 Throwing
 - Level 0.7 Dodging
 - Level 4.8 Stealth


You couldn't memorise any spells.
You didn't know any spells.
Your spell library was empty.

Inventory:

Hand Weapons
 a - a +2 dagger (weapon) {short}
Missiles
 d - 9 poisoned darts (quivered) {throwing}
 e - 3 curare-tipped darts {=fthrowing}
 f - 3 stones {throwing}
Armour
 b - a +0 robe (worn)
 c - a +0 cloak
 h - a scarf of invisibility (worn)
   (You found it on level 1 of the Dungeon)
Scrolls
 g - a scroll of enchant armour {unknown}

Dungeon Overview and Level Annotations

Branches:
Dungeon (1/15) Zot: 5833

Altars:

#.# #.. #.# #.#
#####.## #.###
.......# #.#(## ..#
#..# ###....##
#.###!.#####.......##
...........†..[.r...#
#.###.....##....J..###
#.##.......>....@....#
#.##.####.###........#
#.##. #.# #...........
#.##. #.# #........###
#.##. #.. #........#
#.##. ### #.##.#...S#
#. #.####.# .. #.# .#


You could see an endoplasm, a ball python (asleep) and a rat.


Message History

Ran out of altars for temple! x2 🤖 Initializing magus.rc ...
Options error: Bad monster_list_colour key: strict_neutral (~/.crawlrc:4811) Bad channel name for runrest: 'pray:' ✅ Successfully initialized magus_sobieck.rc [v0.0.2] Welcome, Sobieck the Vine Stalker Brigand.
You feel drawn to the Orb of Zot, downwards into the unfathomable depths...
Press ? for a list of commands and other information.
Found two stairs.
Setting a skill training target for Short Blades at 10.0.
Unknown command.
There is a stone staircase leading down here.
f - 3 stones {throwing};
g - a scroll labelled PEIKOPPAOCK Unknown command.
You now have 8 gold pieces.
You now have 16 gold pieces (gained 8).
A hobgoblin comes into view.
Danger!
The helpless hobgoblin fails to defend itself.
You impale the hobgoblin!!
You kill the hobgoblin!
No target in view!
No target in view!
h - a scarf of invisibility You start removing your armour.
You continue taking off your +0 cloak. x4
You finish taking off your +0 cloak.
You start putting on your armour.
You continue putting on your scarf of invisibility. x5
You finish putting on your scarf of invisibility.
You become transparent for a moment.
Unknown command.
A dart slug comes into view.
Found a stone staircase leading down.
Danger!
An endoplasm comes into view.
The endoplasm quivers.
The endoplasm hits you.
You see here a bubbling black potion.
You hit the endoplasm. The endoplasm freezes you.
You are frozen.
Unknown command.
You are too injured to fight recklessly!
You are too injured to fight recklessly!
You are too injured to fight recklessly!
Unknown command.
You hit the endoplasm but do no damage. You punch the endoplasm.
The endoplasm freezes you.
You are frozen.
You hit the endoplasm. The endoplasm closely misses you.
You hit the endoplasm.
You kill the endoplasm!
Your Short Blades skill increases to level 2!
Unknown command.
You see here a bubbling black potion.
Unknown command.
You see here a bubbling black potion.
Unknown command.
An endoplasm comes into view.
Unknown command.
The helpless dart slug fails to defend itself.
You impale the dart slug!!
You kill the dart slug!
You see here a dart slug corpse.
Unknown command.
A rat comes into view.
A ball python comes into view.
The endoplasm quivers.
You see here a +0 leather armour.
Unknown command.
The endoplasm freezes you.
You are frozen.
* * * LOW HITPOINT WARNING * * *
The endoplasm freezes you.
You are frozen.
* * * LOW HITPOINT WARNING * * *
Unknown command.
You hit the endoplasm but do no damage. You bite the endoplasm.
You drain its power.
You feel invigorated. The endoplasm freezes you.
You are frozen.
You die...

Skill      XL: |  1 |
---------------+----+-----
Short Blades   | 2 |  2.2
Fighting       | |  1.7
Throwing       | |  1.7
Dodging        | |  0.7
Stealth        | |  4.8

Action                   || total
-------------------------++-------
Melee: Dagger            ||     7
       Punch             ||     1
       Bite              ||     1
 Stab: Sleeping          ||     2
Dodge: Dodged            ||     1

Levels and vault maps discovered:
D:1:      wander_arrival_lonely_grave, layout_loops_ring, minivault_5

Notes
Turn   | Place    | Note
-------+----------+-------------------------------------------
     0 | D:1      | Sobieck the Vine Stalker Brigand began the quest for the
                  | Orb.
     0 | D:1      | Reached XP level 1. HP: 11/11 MP: 2/2
   150 | D:1      | Reached skill level 2 in Short Blades
   165 | D:1      | HP: 2/11 [frozen (2)]
   166 | D:1      | Frozen to death by an endoplasm

Vanquished Creatures
  A dart slug (D:1)
  An endoplasm (D:1)
  A hobgoblin (D:1)
3 creatures vanquished.

Table legend:
 A = Non-vault XP
 B = Vault XP
 C = Vault XP percentage of total XP
 D = Non-vault monster count
 E = Vault monster count
 F = Vault count percentage of total count
                 A         B        C        D         E       F
            +---------+---------+-------+---------+---------+-------
      Total |       8 |       0 |   0.0 |       3 |       0 |   0.0
            +---------+---------+-------+---------+---------+-------
        D:1 |       8 |       0 |   0.0 |       3 |       0 |   0.0
            +---------+---------+-------+---------+---------+-------

Illustrated notes

Table legend:
 A = Kills in this place as a percentage of kills in entire the game.
 B = Kills by you in this place as a percentage of kills by you in the entire game.
 C = Kills by friends in this place as a percentage of kills by friends in the entire game.
 D = Other kills in this place as a percentage of other kills in the entire game.
 E = Experience gained in this place as a percentage of experience gained in the entire game.
 F = Experience gained in this place divided by the number of levels of this place that you have seen.
                   A       B       C       D       E      F
               +-------+-------+-------+-------+-------+----------------------
         Total | 100.0 | 100.0 |   N/A |   N/A | 100.0 |   8.0
       Dungeon | 100.0 | 100.0 |   N/A |   N/A | 100.0 |   8.0
               +-------+-------+-------+-------+-------+----------------------

Table legend: (Time is in decaauts)
 A = Elapsed time spent in this place.
 B = Non-inter-level travel time spent in this place.
 C = Inter-level travel time spent in this place.
 D = Time resting spent in this place.
 E = Time spent auto-exploring this place.
 F = Levels seen in this place.
 G = Mean time per level.
                   A        B        C        D        E       F      G
               +--------+--------+--------+--------+--------+-----+--------+
         Total |    165 |    165 |      0 |      0 |    127 |   1 |  165.0 |
       Dungeon |    165 |    165 |      0 |      0 |    127 |   1 |  165.0 |
               +--------+--------+--------+--------+--------+-----+--------+

Top non-repeatable levels by time:
     D:1: 165 daAuts
